 Dungeon Crawl Stone Soup version 0.27.1-15-g792fb953b9 (webtiles) character file.

Game seed: 10065391812285143961

406 bellerephron the Ruffian (level 6, -8/59 HPs)
             Began as a Troll Fighter on Nov 20, 2021.
             Was a Believer of Jiyva.
             Mangled by an ogre (15 damage)
             ... on level 4 of the Dungeon.
             The game lasted 00:05:16 (2405 turns).

bellerephron the Ruffian (Troll Fighter)            Turns: 2405, Time: 00:05:17

Health: -8/59      AC:  5    Str: 25    XL:     6   Next: 56%
Magic:  5/5        EV:  8    Int: 10    God:    Jiyva [**....]
Gold:   87         SH:  9    Dex: 11    Spells: 5/5 levels left

rFire    . . .     SeeInvis .     - Unarmed
rCold    . . .     Faith    .   b - +0 kite shield
rNeg     . . .     Spirit   .   a - +0 robe
rPois    .         Reflect  .   (helmet restricted)
rElec    .         Harm     .   i - +0 cloak
rCorr    .         Rampage  .   (gloves unavailable)
Will     .....                  (boots unavailable)
Stlth    +.........             (no amulet)
HPRegen  1.19/turn              d - +6 ring of intelligence
MPRegen  0.09/turn              (no ring)

@: no status effects
A: large, unfitting armour, claws 3, regeneration 1, shaggy fur 1, tough skin 1
a: Renounce Religion, Request Jelly


You were on level 4 of the Dungeon.
You worshipped Jiyva.
Jiyva was pleased with you.
You visited 1 branch of the dungeon, and saw 4 of its levels.

You collected 87 gold pieces.

Inventory:

Hand Weapons
 l - a +0 dagger of venom
 p - a +2 short sword of flaming
Missiles
 e - 128 stones (quivered)
Armour
 a - a +0 robe (worn)
 b - a +0 kite shield (worn)
 i - a +0 cloak (worn)
 o - a +0 tower shield
Jewellery
 d - a +6 ring of intelligence (left claw)
Wands
 n - a wand of iceblast (11)
Scrolls
 f - a scroll of summoning {unknown}
 h - 2 scrolls of identify {unknown}
 k - 2 scrolls of teleportation {unknown}
 q - a scroll of vulnerability {unknown}
Potions
 c - a potion of might
 g - 2 potions of degeneration {unknown}
 j - a potion of curing {unknown}
 m - a potion of haste {unknown}


   Skills:
 + Level 2.8 Fighting
 + Level 3.1 Dodging
 * Level 3.8 Shields
 * Level 5.3 Unarmed Combat


You had 5 spell levels left.
You didn't know any spells.
Your spell library was empty.

Dungeon Overview and Level Annotations

Branches:
Dungeon (4/15)
 Temple: D:4-7

Altars:
Cheibriados
Dithmenos
Jiyva


Innate Abilities, Weirdness & Mutations

You are too large for most types of armour.
You have claws for hands.
Your natural rate of healing is unusually fast.
You are covered in fur. (AC +1)
You have tough skin. (AC +1)


Message History

You claw the jackal!
You kill the jackal!
The scorpion completely misses you.
You barely miss the scorpion. You block the scorpion's attack.
You claw the scorpion!
The scorpion is severely wounded.
The scorpion barely misses you.
You closely miss the scorpion.
The scorpion is severely wounded.
You block the scorpion's attack. The scorpion stings you.
You scratch the scorpion but do no damage.
The scorpion is severely wounded.
You block the scorpion's attack.
You claw the scorpion!
You kill the scorpion!
You claw the hobgoblin!
You kill the hobgoblin!
You miss the jackal. You block the jackal's attack. x2
You scratch the jackal.
You kill the jackal!
You scratch the ogre.
The ogre is moderately wounded.
You block the ogre's attack.
You barely miss the ogre.
The ogre is moderately wounded.
The ogre hits you with a +0 giant club!!
Ouch! That really hurt!
You claw the ogre!
The ogre is heavily wounded.
The ogre hits you with a +0 giant club!!
* * * LOW HITPOINT WARNING * * *
You claw the ogre!
The ogre is severely wounded.
You block the ogre's attack.
You scratch the ogre.
The ogre is almost dead.
You barely miss the ogre.
The ogre is almost dead.
The ogre hits you with a +0 giant club!
You die...

.########.##.# #.#######.#
...........#.###.#.......#
....[.................)..#
.#####.....#.###.#...<#...#
.# #.....#..##.######.#.#
.# #.....##'##........#..#
## #.....#≈≈≈#.######.#..#
#.....'≈≈≈'.# #<#..#
####..#≈≈≈#@# #.#...
#≈#..##+##O# ..# .#
#≈#).##.##o# #
##≈#..##..oo# .#
#.≈..######Z#####..# #.≈..#
##....o.$.# #.≈.##
#....O##.##.## #####
#......o!.....
#....!.#.###.#


You could see an ogre, 3 orcs and a water moccasin skeleton.

Vanquished Creatures
  A black bear (D:4)
  An ogre (D:4)
  A bullfrog (D:4)
  A scorpion (D:4)
  Terence (D:2)
  Robin (D:2)
  4 adders
  2 worms
  2 dart slugs
  6 orcs
  2 endoplasms (D:1)
  2 giant cockroaches
  10 hobgoblins
  6 jackals
  3 quokkas (D:1)
  4 ball pythons
  3 bats
  2 frilled lizards
  14 goblins
  7 kobolds
  2 rats (D:1)
75 creatures vanquished.

Vanquished Creatures (others)
  3 adders (D:2)
  A worm (D:3)
  A dart slug (D:3)
  3 orcs (D:3)
  2 bats (D:2)
  5 endoplasms
  A giant cockroach (D:3)
  A goblin (D:3)
  2 hobgoblins
  A kobold (D:3)
  A rat (D:2)
21 creatures vanquished.

Grand Total: 96 creatures vanquished

Notes
Turn   | Place    | Note
-------+----------+-------------------------------------------
     0 | D:1      | bellerephron the Troll Fighter began the quest for the Orb.
     0 | D:1      | Reached XP level 1. HP: 22/22 MP: 0/0
   401 | D:1      | Reached XP level 2. HP: 29/29 MP: 1/1
   713 | D:1      | Found a faded altar of an unknown god.
   716 | D:1      | Became a worshipper of Jiyva Joisetir the Shapeless
   716 | D:1      | Reached * piety under Jiyva
   943 | D:2      | Reached XP level 3. HP: 36/36 MP: 2/2
  1174 | D:2      | Noticed Terence
  1182 | D:2      | Killed Terence
  1183 | D:2      | Reached skill level 3 in Unarmed Combat
  1183 | D:2      | Reached XP level 4. HP: 38/44 MP: 3/3
  1313 | D:2      | Noticed Robin
  1343 | D:2      | Killed Robin
  1812 | D:3      | Found a snail-covered altar of Cheibriados.
  1882 | D:3      | Reached ** piety under Jiyva
  1916 | D:3      | Found a shadowy altar of Dithmenos.
  1919 | D:3      | Reached XP level 5. HP: 43/50 MP: 4/4
  2217 | D:4      | Noticed an ogre
  2226 | D:4      | Killed an ogre
  2227 | D:4      | Reached skill level 4 in Unarmed Combat
  2270 | D:4      | Reached XP level 6. HP: 55/59 MP: 5/5
  2340 | D:4      | Reached skill level 5 in Unarmed Combat
  2405 | D:4      | Mangled by an ogre

Illustrated notes

Levels and vault maps discovered:
D:1:      minmay_arrival_hallway, layout_loops_corners,
          hellmonk_ecumenical_altar_inner_sanctum, minmay_tetromino_l4
D:2:      layout_loops_corners, minmay_cupped, uniq_terence, uniq_robin
D:3:      layout_basic, nicolae_overflow_crystal_walls, kennysheep_slug_shrine
D:4:      layout_basic, mainiacjoe_overflow_alcove_3,
          chequers_serial_rivers_micro_b, minmay_misc_feat_more_columns,
          minmay_liquid_box

Skill      XL: |  1  2  3  4  5  6 |
---------------+-------------------+-----
Shields        | 3 |  3.8
Unarmed Combat | 3 4 5 |  5.3
Dodging        | 3 |  3.1
Fighting       | |  2.8

Action                   |  1- 3 |  4- 6 || total
-------------------------+-------+-------++-------
Melee: Unarmed           |    86 |   116 ||   202
Armor: Robe              |    24 |    39 ||    63
Dodge: Dodged            |    28 |    27 ||    55
Block: Kite shield       |    32 |    52 ||    84
